 Dungeon Crawl Stone Soup version 0.21-a0-504-g2eda330 (webtiles) character file.

120 slep the Poker (level 4, 0/36 HPs)
             Began as a Demonspawn Monk on Nov 26, 2017.
             Slain by a centaur (3 damage)
             ... on level 2 of the Dungeon.
             The game lasted 00:07:17 (1244 turns).

slep the Poker (Demonspawn Monk)                    Turns: 1244, Time: 00:07:18

Health: 0/36       AC:  6    Str: 13    XL:     4   Next: 75%
Magic:  4/4        EV: 13    Int: 11    God:
Gold:   163        SH:  0    Dex: 15    Spells: 3/3 levels left

rFire    . . .     SeeInvis .   a - +0 spear
rCold    . . .     Gourm    .   (no shield)
rNeg     . . .     Faith    .   p - +0 leather armour (curse)
rPois    .         Spirit   .   (no helmet)
rElec    .         Reflect  .   (no cloak)
rCorr    .         Harm     .   n - +0 pair of gloves
MR       .....                  (no boots)
Stlth    ++........             (no amulet)
HPRegen  0.12/turn              (no ring)
MPRegen  0.09/turn              (no ring)

@: no status effects
A: hooves 2, icy blue scales 1
a: no special abilities


You were on level 2 of the Dungeon.
You were not hungry.

You visited 1 branch of the dungeon, and saw 2 of its levels.

You collected 163 gold pieces.

Inventory:

Hand Weapons
 a - a +0 spear (weapon)
Armour
 b - a +0 robe
 n - a +0 pair of gloves (worn)
 p - a cursed +0 leather armour (worn)
 r - a +1 robe of cold resistance
 u - a +0 ring mail
Scrolls
 e - a scroll of remove curse {unknown}
 f - 3 scrolls of identify {unknown}
 m - a scroll of random uselessness {unknown}
 o - 3 scrolls of teleportation {unknown}
 q - 2 scrolls of magic mapping {unknown}
Potions
 d - a potion of agility {unknown}
 g - a potion of lignification {unknown}
 h - a potion of berserk rage {unknown}
 i - a potion of haste {unknown}
 j - a potion of flight {unknown}
 k - a potion of degeneration {unknown}
 l - 2 potions of curing {unknown}
Comestibles
 c - a bread ration
 s - a meat ration
 t - 3 chunks of flesh


   Skills:
 + Level 3.6 Fighting
 + Level 3.8 Polearms
 + Level 0.1 Armour
 + Level 3.3 Dodging
 + Level 2.4 Stealth


You had 3 spell levels left.
You didn't know any spells.

Dungeon Overview and Level Annotations

Branches:
Dungeon (2/15)

Altars:


Innate Abilities, Weirdness & Mutations

You have hoof-like feet.
You are partially covered in icy blue scales. (AC +2)


Message History

The centaur is moderately wounded.
The centaur hits you.
You completely miss the centaur. You kick the centaur.
The centaur is heavily wounded.
The centaur hits you.
You hit the centaur but do no damage. You kick the centaur.
The centaur is heavily wounded.
The centaur hits you but does no damage.
The centaur barely misses you.
You barely miss the centaur.
The centaur is heavily wounded.
The centaur misses you.
You hit the centaur. Your kick misses the centaur.
The centaur is severely wounded.
The centaur hits you. The centaur hits you!
* * * LOW HITPOINT WARNING * * *
You completely miss the centaur.
The centaur is severely wounded.
The centaur hits you.
You die...

#######.#.#. #.
.....).... #.
######..... #.
........... .####
########.... ....
.......#.### #..
............
#c##########.#÷###
#@#...............
#(#.......#....###
#.#######.#...÷#
#(.............#
########.......#
#.......#
#.......#
#.......#
#)......#


You could see a centaur.

Vanquished Creatures
  Jessica (D:2)
  A hound skeleton (D:2)
  An adder (D:2)
  An ooze (D:1)
  A worm (D:2)
  2 dart slugs (D:1)
  A leopard gecko (D:1)
  A ball python (D:1)
  7 bats
  5 giant cockroaches
  4 goblins
  14 hobgoblins
  8 kobolds
  2 quokkas (D:2)
  3 frilled lizards (D:1)
  5 rats (D:1)
57 creatures vanquished.

Notes
Turn   | Place    | Note
-------+----------+-------------------------------------------
     0 | D:1      | slep the Demonspawn Monk began the quest for the Orb.
     0 | D:1      | Reached XP level 1. HP: 18/18 MP: 1/1
   172 | D:1      | Gained mutation: You are partially covered in icy blue scales. (AC +2) [demonic ancestry]
   172 | D:1      | Reached XP level 2. HP: 19/24 MP: 2/2
   445 | D:1      | Gained mutation: You have large cloven feet. [demonic ancestry]
   445 | D:1      | Reached XP level 3. HP: 18/29 MP: 3/3
   745 | D:2      | Noticed Jessica
   749 | D:2      | Killed Jessica
   749 | D:2      | Gained mutation: You have hoof-like feet. [demonic ancestry]
   749 | D:2      | Reached XP level 4. HP: 33/35 MP: 4/4
  1230 | D:2      | Noticed a centaur
  1244 | D:2      | Slain by a centaur

Vault maps used:
D:1:      evilmike_arrival_crescent, minmay_tetromino_l4
D:2:      uniq_jessica

Skill      XL: |  1  2 |
---------------+-------+-----
Polearms       | 3 |  3.8
Dodging        | 3 |  3.3
Stealth        | 2 |  2.4
Fighting       | |  3.6
Armour         | |  0.1

Action                   |  1- 3 |  4- 6 || total
-------------------------+-------+-------++-------
Melee: Spear             |   126 |    91 ||   217
       Kick              |     9 |    18 ||    27
 Stab: Sleeping          |     7 |     1 ||     8
       Distracted        |       |     1 ||     1
  Eat: Chunk             |       |     1 ||     1
Armor: Robe              |    21 |       ||    21
       Leather armour    |     2 |    20 ||    22
Dodge: Dodged            |    60 |    70 ||   130

Table legend:
 A = Spawn XP
 B = Non-spawn XP
 C = Spawn XP percentage of total XP
 D = Spawn monster count
 E = Non-spawn monster count
 F = Spawn count percentage of total count
 G = Total turns spent on level
                    A         B        C        D         E        F      G
               +---------+---------+-------+---------+---------+-------+---------
         Total |       0 |     172 |   0.0 |       0 |      57 |   0.0 |  1244
               +---------+---------+-------+---------+---------+-------+---------
           D:1 |       0 |      66 |   0.0 |       0 |      34 |   0.0 |   719
           D:2 |       0 |     106 |   0.0 |       0 |      23 |   0.0 |   525
               +---------+---------+-------+---------+---------+-------+---------
